 Dungeon Crawl Stone Soup version 0.32-a0-772-g33df2375a9 (webtiles) character file.

Game seed: 2965650802984028208

526110 Ajdolov the Marksghoul (level 25, -7/207 HPs)
             Began as a Ghoul Hunter on Mar 19, 2024.
             Was a High Priest of Hepliaklqana.
             Mangled by Tiamat
             ... wielding a +2 heavy bardiche
              (95 damage)
             ... on level 1 of the Realm of Zot.
             The game lasted 02:54:23 (54073 turns).

Ajdolov the Marksghoul (Ghoul Hunter)              Turns: 54073, Time: 02:54:24

Health: -7/207     AC: 32    Str: 19    XL:     25   Next: 46%
Magic:  32/34      EV: 28    Int: 15    God:    Hepliaklqana [*****.]
Gold:   4167       SH:  5    Dex: 29    Spells: 24/24 levels left

rFire   + + .        a - +8 storm bow {elec, penet}
rCold   + + +        (shield currently unavailable)
rNeg    + + +        c - +5 ring mail "Nishejoa" {rPois rF+ Dex+3 SInv}
rPois   ∞            o - +2 helmet {SInv}
rElec   .            Q - +2 cloak {Stlth+}
rCorr   .            U - +2 pair of gloves {Stlth+}
SInv    +            R - +2 pair of boots {Stlth+}
Will    ++...        Y - amulet "Buakargh" {Reflect Int+4 SH+5 SInv}
Stlth   +++++++++    w - ring "Ughiezxo" {rF+ rN++ AC+4 Int+3}
HPRegen 0.00/turn    j - ring "Xofikiwk" {rC++ Will+ Dex+6}
MPRegen 0.24/turn

%: reflection
@: about to teleport, inhibited regen, studying 2 skills
A: reduced essence, claws 1, cold resistance 1, negative energy resistance 3,
inhibited regeneration, torment resistance 2, devour on kill
}: 3/15 runes: barnacled, slimy, gossamer
a: Renounce Religion, Recall Ancestor, Ancestor Identity, Transference, Idealise


You were on level 1 of the Realm of Zot.
You worshipped Hepliaklqana.
Hepliaklqana was extremely pleased with you.
You visited 10 branches of the dungeon, and saw 47 of its levels.
You also visited: Trove, Gauntlet, Ice Cave and Desolation.

You collected 8748 gold pieces.
You spent 4581 gold pieces at shops.

Inventory:

Hand Weapons
 a - the +8 storm bow (weapon) {elec, penet}
   (You acquired it on level 14 of the Dungeon)
Missiles
 l - 4 throwing nets
 u - 10 curare-tipped darts
Armour
 c - the +5 ring mail "Nishejoa" (worn) {rPois rF+ Dex+3 SInv}
   (You found it on level 5 of the Pits of Slime)

   Dex+3:     It affects your dexterity (+3).
   rF+:       It protects you from fire.
   rPois:     It protects you from poison.
   SInv:      It lets you see invisible.
 o - a +2 helmet of see invisible (worn)
 Q - a +2 cloak of stealth (worn)
 R - a +2 pair of boots of stealth (worn)
 U - a +2 pair of gloves of stealth (worn)
Jewellery
 b - the ring "Zawiotog" {rC+ Will+ Int+3}
   (You found it in a treasure trove)

   [ring of willpower]

   Int+3:     It affects your intelligence (+3).
   rC+:       It protects you from cold.
   Will+:     It increases your willpower.
 i - a ring of resist corrosion
 j - the ring "Xofikiwk" (right hand) {rC++ Will+ Dex+6}
   (You bought it in a shop on level 1 of the Shoals)

   [ring of dexterity]

   Dex+6:     It affects your dexterity (+6).
   rC++:      It greatly protects you from cold.
   Will+:     It increases your willpower.
 w - the ring "Ughiezxo" (left hand) {rF+ rN++ AC+4 Int+3}
   (You found it in an ice cave)

   [ring of protection]

   AC+4:      It affects your AC (+4).
   Int+3:     It affects your intelligence (+3).
   rF+:       It protects you from fire.
   rN++:      It greatly protects you from negative energy.
 G - the ring "Nedair" {rElec Str+3 Int+6}
   (You took it off a deep elf elementalist on level 3 of the Elven Halls)

   [ring of intelligence]

   Str+3:     It affects your strength (+3).
   Int+6:     It affects your intelligence (+6).
   rElec:     It insulates you from electricity.
 L - the ring "Zoihuot" {Fly rC+ Dex+6}
   (You found it on level 5 of the Pits of Slime)

   [ring of flight]

   Dex+6:     It affects your dexterity (+6).
   rC+:       It protects you from cold.
   Fly:       It grants you flight.
 O - a ring of protection from fire
 Y - the amulet "Buakargh" (around neck) {Reflect Int+4 SH+5 SInv}
   (You acquired it on level 2 of the Spider Nest)

   [amulet of reflection]

   Reflect:   It reflects blocked missile attacks.
   Int+4:     It affects your intelligence (+4).
   SInv:      It lets you see invisible.
   SH+5:      It affects your SH (+5).
Wands
 d - a wand of digging (28)
 D - a wand of mindburst (15)
 F - a wand of flame (71)
 H - a wand of roots (61)
 J - a wand of quicksilver (35)
 W - a wand of charming (36)
 Z - a wand of polymorph (6)
Scrolls
 e - 15 scrolls of teleportation
 f - 8 scrolls of revelation
 h - 6 scrolls of immolation
 n - 9 scrolls of blinking
 r - a scroll of silence
 t - 3 scrolls of fear
 v - 9 scrolls of poison
 x - 11 scrolls of vulnerability
 y - 8 scrolls of fog
 N - 2 scrolls of torment
 X - 3 scrolls of summoning
Potions
 g - 18 potions of curing
 m - 6 potions of invisibility
 p - a potion of cancellation
 q - 5 potions of heal wounds
 s - 8 potions of attraction
 z - a potion of resistance
 A - 17 potions of ambrosia
 C - 7 potions of haste
 S - 4 potions of enlightenment
 V - 4 potions of magic
Miscellaneous
 E - a lightning rod (4/4)
 I - a box of beasts
 M - a tin of tremorstones (2/2)
 P - a phial of floods (inert)
 T - a phantom mirror (inert)


   Skills:
 - Level 20.0 Fighting
 - Level 20.0 Ranged Weapons
 - Level 15.0 Armour
 + Level 18.0 Dodging
 - Level 15.0 Stealth
 - Level 15.0 Invocations
 * Level 19.1 Evocations


You had 24 spell levels left.
You didn't know any spells.
Your spell library contained the following spells:

 Spells                   Type           Power      Damage    Failure   Level
 Apportation              Tloc           0%         N/A       36%         1
 Freeze                   Ice            0%         1d3       36%         1
 Kiss of Death            Conj/Necr      0%         2d5       36%         1
 Magic Dart               Conj           0%         1d3       36%         1
 Necrotise                Necr           0%         1d4       36%         1
 Shock                    Conj/Air       0%         1d3       36%         1
 Sting                    Conj/Alch      0%         1d3       36%         1
 Summon Small Mammal      Summ           0%         N/A       36%         1
 Blink                    Tloc           0%         N/A       52%         2
 Jinxbite                 Hex            0%         N/A       52%         2
 Lesser Beckoning         Tloc           0%         N/A       52%         2
 Mercury Vapours          Alch/Air       0%         N/A       52%         2
 Momentum Strike          Conj/Tloc      0%         3d8       52%         2
 Searing Ray              Conj           0%         2d4       52%         2
 Static Discharge         Conj/Air       0%         3-3/arc   52%         2
 Dazzling Flash           Conj/Hex       0%         N/A       75%         3
 Frozen Ramparts          Ice            0%         1d1       75%         3
 Hailstorm                Conj/Ice       0%         3d5       75%         3
 Inner Flame              Hex/Fire       0%         N/A       75%         3
 Passwall                 Erth           0%         N/A       75%         3
 Stone Arrow              Conj/Erth      0%         3d7       75%         3
 Summon Ice Beast         Ice/Summ       0%         N/A       75%         3
 Swiftness                Air            0%         N/A       75%         3
 Tukima's Dance           Hex            0%         N/A       75%         3
 Volatile Blastmotes      Fire/Tloc      0%         2d10      75%         3
 Airstrike                Air            0%         2d(0-16)  98%         4
 Anguish                  Hex/Necr       0%         N/A       98%         4
 Animate Armour           Summ/Erth      0%         N/A       98%         4
 Animate Dead             Necr           0%         N/A       98%         4
 Brom's Barrelling Bould  Conj/Erth      0%         2d3       98%         4
 Cause Fear               Hex            0%         N/A       98%         4
 Dimensional Bullseye     Hex/Tloc       0%         N/A       98%         4
 Fulminant Prism          Conj/Alch      0%         3d5       98%         4
 Ignite Poison            Fire/Alch      0%         N/A       98%         4
 Iskenderun's Mystic Bla  Conj/Tloc      0%         2d3       98%         4
 Leda's Liquefaction      Alch/Erth      0%         N/A       98%         4
 Manifold Assault         Tloc           0%         N/A       98%         4
 Olgreb's Toxic Radiance  Alch           0%         N/A       98%         4
 Passage of Golubria      Tloc           0%         N/A       98%         4
 Petrify                  Alch/Erth      0%         N/A       98%         4
 Sticky Flame             Fire/Alch      0%         2d4       98%         4
 Summon Lightning Spire   Summ/Air       0%         N/A       98%         4
 Vhi's Electric Charge    Tloc/Air       0%         N/A       98%         4
 Arcjolt                  Conj/Air       0%         1d10      100%        5
 Fireball                 Conj/Fire      0%         3d3       100%        5
 Irradiate                Conj/Alch      0%         3d11      100%        5
 Iskenderun's Battlesphe  Conj           0%         2d6       100%        5
 Metabolic Englaciation   Hex/Ice        0%         N/A       100%        5
 Summon Mana Viper        Hex/Summ       0%         N/A       100%        5
 Yara's Violent Unravell  Hex/Alch       0%         3d3       100%        5
 Bombard                  Conj/Erth      0%         9d1       100%        6
 Conjure Ball Lightning   Conj/Air       0%         3x3d6     100%        6
 Death Channel            Necr           0%         N/A       100%        6
 Dispersal                Tloc           0%         N/A       100%        6
 Plasma Beam              Fire/Air       0%         2x1d10    100%        6
 Enfeeble                 Hex            0%         N/A       100%        7
 Haunt                    Necr/Summ      0%         N/A       100%        7
 Monstrous Menagerie      Summ           0%         N/A       100%        7
 Orb of Destruction       Conj           0%         9d5       100%        7
 Ozocubu's Refrigeration  Ice            0%         4d7       100%        7
 Discord                  Hex            0%         N/A       100%        8
 Disjunction              Tloc           0%         N/A       100%        8
 Ignition                 Fire           0%         3d3       100%        8
 Infestation              Necr           0%         N/A       100%        8
 Lehudib's Crystal Spear  Conj/Erth      0%         10d2      100%        8
 Chain Lightning          Conj/Air       0%         N/A       100%        9
 Sublimation of Blood     Necr           Unusable   N/A       N/A         2
 Borgnjor's Revivificati  Necr           Unusable   N/A       N/A         8

Dungeon Overview and Level Annotations

Branches:
Dungeon (15/15)            Temple (0/1) D:7            Lair (5/5) D:11
 Shoals (4/4) Lair:3       Spider (4/4) Lair:3        Slime (5/5) Lair:4
    Orc (2/2) D:9             Elf (3/3) Orc:2        Vaults (3/5) D:14
  Crypt (0/3) Vaults:2     Depths (4/4) D:15            Zot (2/5) Depths:4
  IceCv (visited)         Desolation (visited)      Gauntlet (visited)

Altars:
Dithmenos
Fedhas
Hepliaklqana
Kikubaaqudgha
Okawaru
Qazlal
Sif Muna
Trog
Vehumet
Wu Jian
Xom
Beogh

Shops:
D:2 **   D:4 *   D:8 ?   D:13 *   D:14 :   Orc:1 *   Orc:2 ?:*[   Elf:1 :
Elf:2 ?   Shoals:1 ?==[[   Vaults:2 :   Vaults:3 (   Depths:3 *=::

Portals:
Hell: Depths:1 Depths:2 Depths:3 Depths:4
Abyss: Depths:3 Depths:4
Pandemonium: Orc:2 Depths:1 Depths:2
Ziggurat: Depths:2

Annotations:
D:3 Ijyb, Sigmund
Elf:2 3 runed translucent doors
Zot:1 Tiamat
Zot:2 Josephina


Innate Abilities, Weirdness & Mutations

Your life essence is reduced to manifest your ancestor. (-10% HP)
You are immune to poison.
You have sharp fingernails.
Your flesh is cold resistant. (rC+)
You are immune to negative energy. (rN+++)
You do not regenerate when monsters are visible.
You are immune to unholy pain and torment.
You thrive by killing the living.


Message History

The arrow pierces through Tiamat!
Tiamat is heavily wounded.
Unknown command.
The black draconian knight is no longer waterlogged.
The black draconian knight hits you with a +0 war axe.
The black draconian knight breathes lightning at you.
The bolt of lightning misses you.
Tiamat hits you from afar with a +2 heavy bardiche!!!
Fire: a) +8 storm bow {elec, penet}
Press: ? - help, Q - select action, (/) - cycle Shift-Dir - straight line, f/p - black draconian knight
Aim: a black draconian knight, wielding a +0 war axe and wearing a +0 cloak (almost dead, slightly transparent, catching its breath, 77% to hit)
You shoot an arrow.
The arrow pierces through the black draconian knight.
The black draconian knight is almost dead.
Fire: a) +8 storm bow {elec, penet}
Press: ? - help, Q - select action, (/) - cycle Shift-Dir - straight line, f/p - black draconian knight
Aim: a black draconian knight, wielding a +0 war axe and wearing a +0 cloak (almost dead, slightly transparent, catching its breath, 77% to hit)
You shoot an arrow.
The arrow closely misses the black draconian knight.
Tiamat completely misses you.
Unknown command.
The black draconian knight gestures at you while chanting.
The shard of ice hits you! You partially resist.
Tiamat hits you but does no damage.
Fire: a) +8 storm bow {elec, penet}
Press: ? - help, Q - select action, (/) - cycle Shift-Dir - straight line, f/p - black draconian knight
Aim: a black draconian knight, wielding a +0 war axe and wearing a +0 cloak (almost dead, slightly transparent, 77% to hit)
You shoot an arrow.
The arrow pierces through the black draconian knight!!
You kill the black draconian knight!
Okay, then.
Aiming: Fastroot
Press: ? - help, Shift-Dir - straight line, f - Tiamat
Aim: Tiamat, wielding a +2 heavy bardiche and wearing the +4 dragonskin cloak {Aegis} (heavily wounded, berserk)
The roots erupt in riotous growth!
Roots grab Tiamat.
The grasping roots constrict Tiamat!!
Tiamat hits you from afar with a +2 heavy bardiche!!!!
You die...
Hepliaklqana delivers you to your ancestors.

# #..## #..#
#..# #### ##..#
#).# ####
##..># #..#
##..# ##...##
#..# ....#
##...## ##..#
..=## ##...##
##...# .###
##...## ##)d.##
.# ##...##
#...## .#
##...## #@.##
.####...## ####
.........######
......#...##..#
########......#
##....##
##...##
#######...##
#...[....##


You could see Tiamat (berserk, rooted).

Vanquished Creatures
  the Royal Jelly (Slime:5)
  An orb of fire (Zot:1)
  Sojobo (Vaults:3)
  Margery (Vaults:3)
  3 golden dragons
  A bone dragon (Depths:2)
  Nikola (Shoals:1)
  The ghost of Drift2Die the Ruinous, an adept TeCj of Sif Muna (Vaults:2)
  The ghost of Zafuugix the Arsonist, an adept NaHW of Cheibriados (Elf:2)
  An Ice Fiend (IceCv)
  The ghost of GordonOverkill the Victor of a Thousand Battles, an adept DsDe of Okawaru (Vaults:2)
  A tentacled monstrosity (Zot:1)
  Rupert (D:12)
  A walking crystal tome (Depths:2)
  3 deep elf blademasters
  2 deep elf master archers (Elf:3)
  4 quicksilver dragons (Zot:1)
  A searing wretch (Vaults:3)
  Frances (D:13)
  Gastronok (Lair:3)
  19 acid blobs
  Polyphemus (Shoals:4)
  3 sphinxes
  The ghost of GordonOverkill the Severer, an adept CoDe of Trog (Orc:2)
  4 death cobs
  5 storm dragons
  Kirke (Elf:1)
  3 tengu reavers
  4 shadow dragons
  4 fire giants
  6 vault wardens
  A protean progenitor (Zot:2)
  12 azure jellies
  2 draconian shifters (Zot:1)
  8 rockslimes
  2 revenants (Depths:2)
  3 deep elf sorcerers (Elf:3)
  5 ghost moths
  A frost giant (Depths:3)
  11 emperor scorpions
  2 draconian knights (Zot:1)
  A draconian scorcher (Zot:1)
  2 deep elf elementalists (Elf:3)
  2 draconian stormcallers (Zot:1)
  4 spriggan defenders
  2 reapers (Depths:2)
  5 draconian annihilators
  2 formless jellyfish
  2 broodmothers
  5 ironbound preservers
  7 stone giants
  24 very ugly things
  10 quicksilver oozes
  3 green draconians
  A vampire knight (Depths:2)
  6 deep elf demonologists
  3 ironbound thunderhulks
  7 deep elf death magi
  9 dire elephants
  3 spark wasps (Depths:3)
  2 black draconians (Zot:1)
  3 deep elf annihilators
  A purple draconian (Depths:3)
  3 white draconians
  A minotaur (Shoals:4)
  4 yellow draconians
  5 red draconians
  2 eidola
  4 ettins
  3 merfolk impalers
  A blizzard demon (Depths:2)
  A green death (Depths:2)
  A merfolk javelineer (Shoals:4)
  7 fire dragons
  7 yaktaur captains
  6 great orbs of eyes
  6 entropy weavers
  5 deep elf high priests
  A demonspawn (Orc:2)
  2 jorogumos
  9 ice dragons
  A spriggan air mage (Depths:2)
  2 peacekeepers
  4 hydras
  4 catoblepae (Lair:5)
  6 vault guards
  2 caustic shrike simulacra (IceCv)
  8 centaur warriors
  2 death scarabs (Depths:2)
  3 merfolk avatars
  A boulder beetle (D:11)
  5 ironbound frosthearts
  7 satyrs (Shoals:4)
  19 dancing weapons
  10 death yaks
  A death knight (D:15)
  8 demonic crawlers
  A radroach (Spider:4)
  3 two-headed ogres
  4 deep troll shamans
  A vampire mage (Depths:1)
  9 deep troll earth magi
  7 tengu warriors
  An occultist (Depths:1)
  5 orc high priests (Orc:2)
  4 hell knights (Depths:4)
  6 spriggan berserkers
  2 sun demons
  2 skysharks
  8 deep elf knights
  A soul eater (Vaults:2)
  Sonja (D:10)
  9 pharaoh ants
  11 spriggans
  4 iron trolls
  4 sixfirhies
  5 sea snakes
  34 deep trolls
  10 deep elf archers
  2 spriggan druids (Depths:3)
  An obsidian statue (IceCv)
  8 orb spiders
  A bog body (IceCv)
  3 sun moths
  6 arcanists
  A swamp dragon (Lair:5)
  2 phantasmal warriors
  10 steelbarb worms
  7 lindwurms
  4 harpies (Shoals:4)
  34 deep elf zephyrmancers
  10 ironbound convokers
  Pikel (D:5)
  26 deep elf pyromancers
  2 necromancers
  2 thermic dynamos
  12 spriggan simulacra (IceCv)
  6 orc sorcerers (Orc:2)
  20 wolf spiders
  22 fauns
  4 orc knights (Orc:2)
  38 ugly things
  3 shining eyes
  17 manticores
  6 cyclopes
  10 moths of wrath
  3 meliai
  5 black mambas
  9 merfolk sirens
  A guardian serpent (Elf:1)
  Maurice (D:10)
  A kobold blastminer (Orc:2)
  A black mamba (shapeshifter) (Elf:3)
  7 water nymphs
  6 torpor snails
  7 vault sentinels
  20 cane toads
  10 elephants
  A smoke demon (Gauntlet)
  An unseen horror (D:10)
  A minotaur zombie (Gauntlet)
  2 hellions (Depths:2)
  A gargoyle (D:12)
  3 efreet
  3 freezing wraiths
  A kobold demonologist (D:10)
  6 ice devils (IceCv)
  23 yaktaurs
  6 rime drakes
  3 tengu conjurers
  10 komodo dragons
  A red devil (Orc:2)
  A guardian mummy (Depths:2)
  23 merfolk
  A golden dragon simulacrum (IceCv)
  A queen bee (D:10)
  4 trolls
  3 wind drakes
  12 hornets
  22 tarantellas
  A queen bee (shapeshifter) (D:15)
  A blink frog (shapeshifter) (D:14)
  A raiju (shapeshifter) (Elf:1)
  14 saltlings
  3 glass eyes
  4 snapping turtles
  54 slime creatures
  7 dream sheep
  4 blink frogs
  15 jumping spiders
  15 culicivoras
  2 air elementals
  5 water elementals
  A dire elephant simulacrum (IceCv)
  3 wraiths
  8 wyverns
  A shadow (D:12)
  53 yaks
  5 fire elementals
  14 basilisks
  A golden eye (Slime:1)
  A yak (shapeshifter) (D:15)
  2 hogs (Elf:1)
  A warg (Orc:1)
  6 vampire mosquitoes
  9 minotaur simulacra (IceCv)
  Grum (D:10)
  A steam dragon (D:9)
  A yaktaur simulacrum (Vaults:1)
  50 redbacks
  A hydra simulacrum (IceCv)
  A glowing shapeshifter skeleton (Vaults:1)
  6 acid dragons
  19 water moccasins
  A moth of wrath simulacrum (Zot:2)
  2 ice beasts
  17 orc warriors
  A swamp drake (Lair:5)
  6 laughing skulls
  2 black bears
  An ettin simulacrum (IceCv)
  A sky beast (D:8)
  4 ogres
  11 wolves
  14 centaurs
  2 lemures
  A human skeleton (Vaults:1)
  A kobold brigand (D:8)
  2 gnoll sergeants
  A brain worm (shapeshifter) (Elf:1)
  11 bullfrogs
  7 deep troll simulacra (IceCv)
  2 scorpions
  9 earth elementals
  9 wights
  34 killer bees
  An electric eel (Spider:4)
  2 howler monkeys
  3 crimson imps (Gauntlet)
  3 bullfrog zombies (D:6)
  5 hounds
  A jelly (D:7)
  19 orc priests
  A sleepcap (D:7)
  5 iguanas (Lair:5)
  12 orc wizards
  5 hell rats (Lair:3)
  A killer bee zombie (D:6)
  A howler monkey zombie (D:6)
  11 gnolls
  9 adders
  2 ufetubi (D:5)
  4 dart slugs
  4 ribbon worms
  48 orcs
  6 endoplasms
  A giant cockroach (D:2)
  5 goblins
  2 hobgoblins
  7 jackals
  16 kobolds
  5 quokkas
  10 ball pythons
  10 bats
  8 frilled lizards
  4 rats
1632 creatures vanquished.

Vanquished Creatures (collateral kills)
  A juggernaut (Depths:2)
  Boris (Elf:3)
  A golden dragon (Zot:1)
  Mlioglotl (Shoals:1)
  A walking crystal tome (Depths:2)
  A quicksilver dragon (Depths:4)
  A death cob (Zot:1)
  3 acid blobs (Slime:5)
  A shadow dragon (Depths:4)
  A sphinx (Shoals:4)
  A tengu reaver (Depths:3)
  A fire giant (Depths:2)
  3 rockslimes
  A draconian knight (Zot:1)
  2 emperor scorpions (Spider:4)
  2 iron dragons (Depths:2)
  A deep elf sorcerer (Elf:3)
  4 vault wardens
  3 deep elf elementalists (Elf:3)
  2 frost giants
  2 balrugs (Depths:2)
  Louise (D:15)
  A draconian stormcaller (Zot:2)
  2 spriggan defenders (Depths:3)
  2 stone giants
  An ironbound preserver (Vaults:1)
  4 quicksilver oozes
  13 very ugly things
  A deep elf demonologist (Elf:3)
  2 formless jellyfish
  3 deep elf death magi (Elf:3)
  A yellow draconian (Zot:2)
  2 purple draconians
  A vampire knight (Depths:2)
  A black draconian (Zot:1)
  2 spark wasps
  A lorocyproca (Depths:2)
  A minotaur (Gauntlet)
  A red draconian (Zot:1)
  5 dire elephants
  A ragged hierophant (Desolation)
  A yaktaur captain (Vaults:1)
  2 vault guards (Vaults:1)
  2 catoblepae
  A death knight (D:14)
  2 ironbound frosthearts
  2 spriggan air magi
  2 demonspawn (Orc:2)
  6 dancing weapons
  4 boulder beetles
  2 satyrs (Shoals:4)
  A centaur warrior (Shoals:1)
  A merfolk aquamancer (Shoals:1)
  A deep troll shaman (Depths:3)
  A deep troll earth mage (Depths:1)
  A death scarab (Depths:2)
  2 death yaks
  A demonic crawler (Spider:3)
  2 orc high priests (Orc:2)
  2 tengu warriors
  3 spriggan berserkers
  A sun demon (Depths:2)
  3 deep elf knights
  A hell knight (Depths:4)
  A sixfirhy (Gauntlet)
  An iron troll (Depths:2)
  A spriggan (Depths:3)
  Nergalle (D:10)
  2 skysharks
  A spriggan druid (Depths:3)
  5 deep trolls
  3 deep elf archers
  An arcanist (Vaults:1)
  3 orb spiders
  3 deep elf pyromancers
  An ironbound convoker (Vaults:1)
  3 deep elf zephyrmancers
  A manticore (Shoals:2)
  3 wolf spiders
  3 fauns
  10 ugly things
  An orc sorcerer (Orc:2)
  A shining eye (Slime:1)
  A cyclops (D:15)
  4 moths of wrath
  2 kobold blastminers
  2 black mambas
  2 merfolk sirens (Shoals:2)
  9 elephants
  2 smoke demons
  3 cane toads
  An anaconda simulacrum (IceCv)
  A tormentor (Depths:2)
  A komodo dragon (Lair:2)
  8 yaktaurs
  2 ice devils (IceCv)
  2 rime drakes
  Psyche (D:10)
  8 merfolk
  A troll (D:11)
  A wind drake (Shoals:1)
  An alligator simulacrum (IceCv)
  A saltling (Desolation)
  6 tarantellas
  2 hornets
  A raiju (Spider:4)
  3 blink frogs (Lair:5)
  A glass eye (Slime:4)
  A dream sheep (Lair:5)
  2 snapping turtles
  A dream sheep (shapeshifter) (Vaults:3)
  A jumping spider (Lair:3)
  21 slime creatures
  7 wyverns
  4 hogs (Elf:1)
  2 wraiths
  7 culicivoras
  21 yaks
  2 water elementals
  7 redbacks
  2 fire elementals (Elf:3)
  5 basilisks
  A redback (shapeshifter) (Depths:2)
  A minotaur simulacrum (IceCv)
  A harpy simulacrum (IceCv)
  An acid dragon (D:8)
  A water moccasin (Lair:2)
  A sky beast (D:7)
  2 wolves
  A black bear (Lair:2)
  8 orc warriors
  A centaur (D:13)
  A kobold brigand (D:7)
  A bullfrog (Lair:4)
  A human zombie (Vaults:1)
  An earth elemental (D:15)
  2 wights
  4 killer bees
  A crimson imp (Gauntlet)
  2 orc priests (Orc:2)
  An iguana (Lair:5)
  2 orc wizards (D:8)
  4 hell rats (Lair:3)
  16 orcs
  2 kobolds (D:7)
374 creatures vanquished.

Vanquished Creatures (others)
  A deep elf master archer (Depths:2)
  A satyr (Shoals:4)
  A death yak (Shoals:4)
  4 hell knights (Vaults:3)
  A deep elf knight (Elf:2)
  A skyshark (Shoals:2)
  A deep elf archer (Elf:3)
  2 yaktaurs
  A water elemental (Elf:3)
  A vampire mosquito (D:13)
  49 knights
  3 ancestors
66 creatures vanquished.

Grand Total: 2072 creatures vanquished

Notes
Turn   | Place    | Note
-------+----------+-------------------------------------------
     0 | D:1      | Ajdolov the Ghoul Hunter began the quest for the Orb.
     0 | D:1      | Reached XP level 1. HP: 17/17 MP: 1/1
   173 | D:1      | Reached XP level 2. HP: 8/26 MP: 2/2
   386 | D:1      | Reached XP level 3. HP: 33/33 MP: 3/3
   483 | D:1      | Found a faded altar of an unknown god.
   943 | D:2      | Reached XP level 4. HP: 36/41 MP: 4/4
  1000 | D:2      | Found Felyolli's General Store.
  1010 | D:2      | Bought a +0 arbalest of freezing for 111 gold pieces
  1111 | D:2      | Found Bomoan's General Store.
  1162 | D:2      | Reached skill level 5 in Fighting
  1258 | D:2      | Bought a scroll of identify for 28 gold pieces
  1464 | D:3      | Found a stormy altar of Qazlal.
  1464 | D:3      | Found a blossoming altar of Fedhas.
  1464 | D:3      | Noticed Sigmund
  1473 | D:3      | Noticed Ijyb
  1567 | D:3      | Identified the +2 robe "Apuschinu" {rPois rF- rCorr Slay+2}
  1756 | D:3      | Found a radiant altar of Vehumet.
  2077 | D:4      | Reached XP level 5. HP: 48/48 MP: 5/5
  2090 | D:4      | Reached skill level 5 in Ranged Weapons
  2090 | D:4      | Reached XP level 6. HP: 32/56 MP: 6/6
  2183 | D:4      | Found a shadowy altar of Dithmenos.
  2286 | D:4      | Noticed an ice beast
  2297 | D:4      | Killed an ice beast
  2558 | D:4      | Found Waakhla's Serpentskin Sales.
  2571 | D:4      | Reached XP level 7. HP: 55/61 MP: 7/7
  2591 | D:4      | Bought 5 curare-tipped darts for 84 gold pieces
  2591 | D:4      | Bought a scroll of poison for 56 gold pieces
  2861 | D:5      | Entered Level 5 of the Dungeon
  3478 | D:5      | Reached XP level 8. HP: 68/68 MP: 8/8
  3486 | D:5      | Found a hazy altar of Hepliaklqana.
  3488 | D:5      | Found an ancient bone altar of Kikubaaqudgha.
  3494 | D:5      | Became a worshipper of Hepliaklqana the Forgotten
  4622 | D:6      | Noticed Pikel
  4826 | D:5      | Killed Pikel
  4827 | D:5      | Reached skill level 10 in Ranged Weapons
  4827 | D:5      | Reached XP level 9. HP: 54/74 MP: 8/11
  4941 | D:6      | Reached * piety under Hepliaklqana
  4950 | D:6      | Found an iron altar of Okawaru.
  5305 | D:7      | Reached skill level 5 in Invocations
  5341 | D:7      | Found a staircase to the Ecumenical Temple.
  5666 | D:7      | Found a shimmering blue altar of Sif Muna.
  5706 | D:7      | Reached skill level 5 in Dodging
  6118 | D:8      | Reached XP level 10. HP: 77/77 MP: 13/13
  6395 | D:8      | Reached skill level 10 in Fighting
  6587 | D:8      | Found Vikkid's Magic Scroll Shop.
  6590 | D:8      | Bought a scroll of blinking for 82 gold pieces
  6590 | D:8      | Bought a scroll of teleportation for 33 gold pieces
  6590 | D:8      | Bought a scroll of identify for 22 gold pieces
  6590 | D:8      | Bought a scroll of identify for 22 gold pieces
  6590 | D:8      | Bought a scroll of identify for 22 gold pieces
  6701 | D:8      | Reached ** piety under Hepliaklqana
  6702 | D:8      | Remembered your ancestor Tetrosk as a knight
  6907 | D:9      | Noticed a two-headed ogre
  6912 | D:9      | Killed a two-headed ogre
  7076 | D:9      | Found a roughly hewn altar of Beogh.
  7084 | D:9      | Reached XP level 11. HP: 89/89 MP: 14/14
  7092 | D:9      | Found a staircase to the Orcish Mines.
  7445 | D:10     | Entered Level 10 of the Dungeon
  7446 | D:10     | Noticed Grum
  7457 | D:10     | Killed Grum
  7588 | D:10     | Found a bloodstained altar of Trog.
  7689 | D:10     | Noticed Sonja
  7691 | D:10     | Killed Sonja
  8009 | D:10     | Found a shimmering blue altar of Sif Muna.
  8009 | D:10     | Noticed Psyche
  8017 | D:10     | Killed Psyche
  8020 | D:10     | Found an ancient bone altar of Kikubaaqudgha.
  8020 | D:10     | Found an ornate altar of the Wu Jian Council.
  8022 | D:10     | Found an iron altar of Okawaru.
  8022 | D:10     | Found a shimmering altar of Xom.
  8022 | D:10     | Found a radiant altar of Vehumet.
  8054 | D:10     | Noticed Maurice
  8058 | D:10     | Maurice stole 8 curare-tipped darts
  8070 | D:10     | Killed Maurice
  8149 | D:10     | Noticed Nergalle
  8153 | D:10     | Killed Nergalle
  8154 | D:10     | Reached XP level 12. HP: 82/95 MP: 15/15
  8267 | D:10     | Reached *** piety under Hepliaklqana
  8663 | D:11     | Noticed a two-headed ogre
  8670 | D:11     | Killed a two-headed ogre
  8673 | D:11     | Noticed a boulder beetle
  8745 | D:11     | Reached skill level 15 in Ranged Weapons
  8859 | D:11     | Reached skill level 1 in Evocations
  8951 | D:11     | Found a staircase to the Lair.
  9043 | D:11     | Killed a boulder beetle
  9224 | Lair:1   | Entered Level 1 of the Lair of Beasts
  9641 | Lair:1   | Reached skill level 5 in Evocations
  9641 | Lair:1   | Reached skill level 1 in Armour
  9641 | Lair:1   | Reached **** piety under Hepliaklqana
 10322 | Lair:2   | Reached skill level 5 in Armour
 10555 | Lair:2   | Noticed a skyshark
 10562 | Lair:2   | Killed a skyshark
 10563 | Lair:2   | Reached XP level 13. HP: 101/101 MP: 16/16
 11447 | Lair:3   | Found a hole to the Spider Nest.
 11756 | Lair:3   | Found a staircase to the Shoals.
 11786 | Lair:3   | Reached skill level 10 in Armour
 12064 | Lair:3   | Noticed Gastronok
 12082 | Lair:3   | Killed Gastronok
 12289 | Lair:3   | Reached XP level 14. HP: 93/108 MP: 16/18
 12940 | Lair:4   | Reached ***** piety under Hepliaklqana
 13286 | Lair:4   | Found a staircase to the Slime Pits.
 14166 | D:12     | Noticed Rupert
 14192 | D:12     | Killed Rupert
 14593 | D:12     | Reached skill level 10 in Invocations
 15004 | Orc:1    | Entered Level 1 of the Orcish Mines
 15005 | Orc:1    | Found Oraamuuw's General Store.
 15021 | Orc:1    | Bought a scroll of blinking for 120 gold pieces
 15114 | Orc:2    | Entered Level 2 of the Orcish Mines
 15747 | D:13     | Found a gate leading to a gauntlet.
 15753 | Gauntlet | Entered a Gauntlet
 15753 | Gauntlet | Found a transporter.
 15753 | Gauntlet | Found a transporter.
 15840 | Gauntlet | Found a transporter.
 15844 | Gauntlet | Found a transporter.
 15853 | Gauntlet | Found a transporter.
 15856 | Gauntlet | Found a transporter.
 15863 | Gauntlet | Found a runed translucent gate.
 15863 | Gauntlet | Found a runed translucent gate.
 15863 | Gauntlet | Found a runed translucent gate.
 15865 | Gauntlet | Found a transporter.
 15881 | Gauntlet | Found a transporter.
 15895 | Gauntlet | Found a transporter.
 15907 | Gauntlet | Found a transporter.
 15911 | Gauntlet | Found a transporter.
 16022 | Gauntlet | Found a transporter.
 16060 | Gauntlet | Got the Octavo of Iotic Electrocution
 16291 | Gauntlet | Got the Monograph on Grim Rime
 16659 | D:13     | Found Ryenusix's General Store.
 16667 | D:13     | Bought 2 potions of curing for 84 gold pieces
 16667 | D:13     | Bought a scroll of enchant weapon for 105 gold pieces
 16667 | D:13     | Bought a potion of invisibility for 112 gold pieces
 16792 | D:14     | Reached XP level 15. HP: 105/115 MP: 22/22
 16889 | D:14     | Found Atahio's Self-Improvement Boutique.
 16964 | D:14     | Reached ****** piety under Hepliaklqana
 17200 | D:14     | Found a gate to the Vaults.
 17674 | D:13     | Noticed Frances
 17682 | D:13     | Killed Frances
 17794 | D:15     | Entered Level 15 of the Dungeon
 17948 | D:15     | Identified a scroll of acquirement
 17963 | D:14     | Acquired the +8 storm bow {elec, penet}
 17963 | D:14     | Found the +8 storm bow {elec, penet}
 18011 | D:15     | Noticed Louise
 18017 | D:15     | Killed Louise
 18769 | D:15     | Found a staircase to the Depths.
 18769 | D:15     | Noticed a frost giant
 18774 | D:15     | Killed a frost giant
 19188 | Orc:2    | Found a staircase to the Elven Halls.
 19226 | Orc:2    | Found a runed translucent door.
 19228 | Orc:2    | Noticed GordonOverkill's ghost (adept CoDe)
 19304 | Orc:2    | Found Vodadd's Magic Scroll Shoppe.
 19468 | Orc:2    | Found Qeasir's General Store.
 19475 | Orc:2    | Bought a scroll of enchant armour for 97 gold pieces
 19475 | Orc:2    | Bought a scroll of fear for 52 gold pieces
 19475 | Orc:2    | Bought a scroll of fog for 52 gold pieces
 19475 | Orc:2    | Bought a scroll of revelation for 97 gold pieces
 19475 | Orc:2    | Bought a scroll of summoning for 123 gold pieces
 19477 | Orc:2    | Bought a tin of tremorstones (2/2) for 600 gold pieces
 19510 | Orc:2    | Reached skill level 10 in Dodging
 19687 | Orc:2    | Reached XP level 16. HP: 124/124 MP: 23/23
 19732 | Orc:2    | Found Evebb's Book Boutique.
 19732 | Orc:2    | Found Doexac's Antique Armour Shop.
 19746 | Orc:2    | Found a one-way gate leading to the halls of Pandemonium.
 19874 | Orc:2    | Found a roughly hewn altar of Beogh.
 20115 | Lair:5   | Entered Level 5 of the Lair of Beasts
 20731 | Lair:5   | Identified the +8 trident of Paper {flame, Int+4 Dex+3}
 21257 | Shoals:1 | Entered Level 1 of the Shoals
 21276 | Shoals:1 | Found Esulaaso's Jewellery Boutique.
 21391 | Shoals:1 | Found Joni's Antique Armour Shop.
 21423 | Shoals:1 | Bought an embroidered cloak for 247 gold pieces
 21467 | Shoals:1 | Noticed Nikola
 21479 | Shoals:1 | Killed Nikola
 21545 | Shoals:1 | Found Umycropp's Armour Shop.
 21558 | Shoals:1 | Noticed Mlioglotl
 21575 | Shoals:1 | Killed Mlioglotl
 21591 | Shoals:1 | Found a glacial archway.
 21595 | IceCv    | Entered an ice cave
 21639 | IceCv    | Reached XP level 17. HP: 131/131 MP: 24/24
 22018 | IceCv    | Noticed an Ice Fiend
 22128 | IceCv    | Identified the ring "Ughiezxo" {rF+ rN++ AC+4 Int+3}
 22452 | IceCv    | Killed an Ice Fiend
 22524 | IceCv    | Identified the +10 dagger of Evisceration {flame, +Blink
                  | rF+}
 22616 | Shoals:1 | Found Gyxuliji's Jewellery Emporium.
 22690 | Shoals:1 | Found Rontymei's Magic Scroll Emporium.
 22693 | Shoals:1 | Bought a scroll of poison for 48 gold pieces
 22693 | Shoals:1 | Bought a scroll of revelation for 90 gold pieces
 22693 | Shoals:1 | Bought a scroll of fear for 48 gold pieces
 22693 | Shoals:1 | Bought a scroll of enchant armour for 90 gold pieces
 22905 | Orc:2    | Bought a pair of dazzling boots for 199 gold pieces
 22905 | Orc:2    | Identified the +2 pair of boots of the Ubiquitous God
                  | {*Slow rPois rC+} (You bought it in a shop on level 2 of
                  | the Orcish Mines)
 23628 | Shoals:2 | Reached skill level 15 in Fighting
 24768 | Spider:1 | Entered Level 1 of the Spider Nest
 25239 | Spider:1 | Reached XP level 18. HP: 146/146 MP: 25/25
 26432 | Spider:2 | Identified the +4 falchion "Ogreslayer" {venom, Int+4}
 26793 | Spider:2 | Acquired the amulet "Buakargh" {Reflect Int+4 SH+5 SInv}
 27303 | Spider:3 | Reached skill level 15 in Dodging
 27599 | Shoals:4 | Entered Level 4 of the Shoals
 27599 | Shoals:4 | Noticed Polyphemus
 28011 | Shoals:4 | Killed Polyphemus
 28413 | Shoals:4 | Reached XP level 19. HP: 153/153 MP: 26/26
 28495 | Shoals:4 | Got a barnacled rune of Zot
 28912 | Spider:4 | Entered Level 4 of the Spider Nest
 29119 | Spider:4 | Reached skill level 10 in Evocations
 29272 | Spider:4 | Identified the +1 scale mail "Sisuhoki" {+Blink +Inv rF-
                  | Regen+}
 29319 | Spider:4 | Reached skill level 5 in Stealth
 30016 | Spider:4 | Reached skill level 10 in Stealth
 30073 | Spider:4 | Identified the +0 hat of the Beastly God {Str+3 Int+3}
 30156 | Spider:4 | Got a gossamer rune of Zot
 30434 | Vaults:1 | Entered Level 1 of the Vaults
 30838 | Vaults:1 | Reached XP level 20. HP: 160/160 MP: 27/27
 31582 | Vaults:1 | Reached skill level 15 in Stealth
 32062 | Vaults:2 | Found Jeaqeihu's Book Shoppe.
 32870 | Vaults:2 | Found a staircase to the Crypt.
 33213 | Vaults:2 | Found a large runed translucent door.
 33213 | Vaults:2 | Found a large runed translucent door.
 33213 | Vaults:2 | Noticed GordonOverkill's ghost (adept DsDe)
 33213 | Vaults:2 | Noticed Drift2Die's ghost (adept TeCj)
 33293 | Vaults:3 | Found Yteunirgh's Antique Weapon Shoppe.
 33457 | Vaults:3 | Noticed Sojobo
 33952 | Vaults:3 | Paralysed by an air elemental for 1 turns
 33956 | Vaults:3 | Killed Sojobo
 34239 | Vaults:3 | Noticed Margery
 34499 | Vaults:3 | Killed Margery
 34658 | Vaults:3 | Reached XP level 21. HP: 88/173 MP: 28/28
 35804 | Shoals:1 | Bought the ring "Xofikiwk" {rC++ Will+ Dex+6} for 1123 gold
                  | pieces
 36036 | Depths:1 | Entered Level 1 of the Depths
 36585 | Depths:1 | Found a gateway to Hell.
 36694 | Depths:1 | Found an iron altar of Okawaru.
 36782 | Depths:1 | Identified the +2 leather armour of Mycsesed {rC+ rCorr
                  | Int-3 Dex+3}
 36955 | Depths:2 | Found a one-way gateway to a ziggurat.
 37053 | Depths:2 | Found a blossoming altar of Fedhas.
 37425 | Depths:2 | Found a portal to a secret trove of treasure.
 37870 | Depths:2 | Found a large runed translucent door.
 37871 | Depths:2 | Found a large runed translucent door.
 37939 | Depths:3 | Found a one-way gate to the infinite horrors of the Abyss.
 38149 | Depths:3 | Found Zuorhel's Assorted Antiques.
 38507 | Depths:3 | Reached XP level 22. HP: 188/188 MP: 32/32
 38629 | Depths:3 | Found an ornate altar of the Wu Jian Council.
 38693 | Depths:3 | Found Wuhus's Book Shop.
 38694 | Depths:3 | Found Linwoh's Jewellery Shoppe.
 38695 | Depths:3 | Found Vanatoeh's Book Shop.
 39361 | Depths:3 | Reached skill level 15 in Invocations
 39461 | Depths:4 | Entered Level 4 of the Depths
 42014 | Depths:4 | Found a gate to the Realm of Zot.
 42014 | Depths:4 | Noticed a golden dragon
 42138 | Depths:4 | Killed a golden dragon
 42634 | Slime:1  | Entered Level 1 of the Pits of Slime
 43017 | Slime:2  | Reached XP level 23. HP: 193/193 MP: 34/34
 43372 | Slime:5  | Entered Level 5 of the Pits of Slime
 43411 | Slime:5  | Reached skill level 15 in Evocations
 44241 | Slime:5  | Noticed the Royal Jelly
 44416 | Slime:5  | Killed the Royal Jelly
 44537 | Slime:5  | Found the +10 zealot's sword {holy, Zealotry, *Rage rN+
                  | EV+3}
 44541 | Slime:5  | Found the +7 captain's cutlass {speed, disarm}
 44566 | Slime:5  | Identified the staff of Gozag {rElec rF+ Necro Fire}
 44591 | Slime:5  | Got Lisol's Book of Linear Battling
 44611 | Slime:5  | Got a slimy rune of Zot
 44636 | Slime:5  | Identified the ring "Zoihuot" {Fly rC+ Dex+6}
 44676 | Slime:5  | Identified the +5 sling of Ashenzari's Generosity {heavy,
                  | rN+}
 44678 | Slime:5  | Identified the +10 long sword of Context {drain, *Rage
                  | Will- rCorr Stlth+}
 44708 | Slime:5  | Identified the +5 ring mail "Nishejoa" {rPois rF+ Dex+3
                  | SInv}
 45289 | Elf:1    | Entered Level 1 of the Elven Halls
 45317 | Elf:1    | Found a crumbling gateway.
 45350 | Desolati | Entered the Desolation of Salt
 45788 | Elf:1    | Noticed Kirke
 45799 | Elf:1    | Killed Kirke
 45968 | Elf:1    | Identified the +2 war axe of Malum In Se {freeze, rCorr
                  | Str+2 Dex+4}
 46315 | Elf:1    | Found Tistorodaa's Tremendous Tomes.
 46316 | Elf:1    | Acquired the staff "Nem Vos" {rElec rPois Alchemy}
 46318 | Elf:1    | Acquired 385 gold pieces
 46777 | Elf:2    | Found a transporter.
 46777 | Elf:2    | Noticed Zafuugix's ghost (adept NaHW)
 46825 | Elf:2    | Got the Secrets of the Secret Deaths
 46869 | Elf:2    | Found Ofitaifo's Magic Scroll Emporium.
 46877 | Elf:2    | Bought a scroll of blinking for 105 gold pieces
 46877 | Elf:2    | Bought a scroll of poison for 56 gold pieces
 46877 | Elf:2    | Bought a scroll of teleportation for 42 gold pieces
 46877 | Elf:2    | Bought a scroll of revelation for 105 gold pieces
 46877 | Elf:2    | Bought a scroll of blinking for 105 gold pieces
 46877 | Elf:2    | Bought a scroll of summoning for 133 gold pieces
 46933 | Elf:2    | Found a transporter.
 47004 | Elf:2    | Found a runed translucent gate.
 47005 | Elf:2    | Found a runed translucent gate.
 47005 | Elf:2    | Found a runed translucent gate.
 47137 | Elf:2    | Reached XP level 24. HP: 201/201 MP: 34/34
 47161 | Elf:2    | Identified the +0 robe of Muuph {rPois Str+2}
 47384 | Elf:2    | Paralysed by an air elemental for 1 turns
 47390 | Elf:2    | Reached skill level 15 in Armour
 47404 | Elf:2    | Killed Zafuugix's ghost
 47550 | Elf:3    | Entered Level 3 of the Elven Halls
 47619 | Elf:3    | Identified the staff of Codghy {Str+4 Earth}
 48461 | Elf:3    | Identified the ring "Nedair" {rElec Str+3 Int+6}
 48623 | Elf:3    | Identified the amulet "Atioton" {Acrobat Harm Str+3}
 48681 | Elf:3    | Identified the +3 dagger "Olleito" {drain, rC+ rN+ Str+3
                  | Dex+3}
 48681 | Elf:3    | Identified the +4 robe of Sit Ufor {+Inv Int+3 SInv
                  | Archmagi}
 48681 | Elf:3    | Noticed Boris
 48691 | Elf:3    | Killed Boris
 48697 | Elf:3    | Identified the ring of Fylaenosch {rF+++ rC+ Str-5 Int+4
                  | Dex+3}
 48760 | Elf:3    | Identified the +1 mace of Earthquakes {freeze, rPois rF+}
 48764 | Elf:3    | Identified the +2 quick blade of Impatience {heavy, rPois
                  | SInv}
 48782 | Elf:3    | Found the +3 giant club "Skullcrusher" {speed, Str+7}
 49481 | Zot:1    | Entered Level 1 of the Realm of Zot
 50134 | Zot:2    | Identified the ring "Axi Obi" {Ice Will++ rCorr Int+3
                  | Dex-5}
 50134 | Zot:2    | Noticed Josephina
 50152 | Zot:2    | Found the +4 dragonskin cloak {Aegis}
 50152 | Zot:2    | Noticed Tiamat
 50837 | Vaults:2 | Killed GordonOverkill's ghost
 50847 | Vaults:2 | Killed Drift2Die's ghost
 51236 | D:2      | Bought a scroll of fear for 56 gold pieces
 51465 | Orc:2    | Bought a potion of invisibility for 120 gold pieces
 51465 | Orc:2    | Bought a scroll of revelation for 112 gold pieces
 51781 | Depths:2 | You paid a toll of +2 gold dragon scales to enter a
                  | treasure trove
 51782 | Trove    | Entered a treasure trove
 51789 | Trove    | Identified the +5 triple crossbow of Popukaj {freeze, Fly}
 51790 | Trove    | Identified the ring "Zawiotog" {rC+ Will+ Int+3}
 52147 | Orc:2    | Killed GordonOverkill's ghost
 52399 | Depths:2 | Reached XP level 25. HP: 207/207 MP: 34/34
 52417 | Depths:2 | Noticed a juggernaut
 52521 | Depths:2 | Killed a juggernaut
 53188 | Zot:1    | Noticed an orb of fire
 53213 | Zot:1    | Killed an orb of fire
 54073 | Zot:1    | Mangled by Tiamat

Illustrated notes

Levels and vault maps discovered:
D:1:      mushboom_english_gardens, layout_basic,
          chequers_ecumenical_altar_simple
D:2:      layout_loops_ring, serial_shops, nicolae_diamond_shop, shop,
          minmay_pentomino_o2
D:3:      layout_rooms, grunt_temple_overflow_forces_of_nature,
          nicolae_vehumet_altar_sigil, uniq_sigmund, uniq_ijyb
D:4:      layout_basic, marbit_many_paths, guppyfry_shop_venom
D:5:      layout_loops_cross, mainiacjoe_overflow_alcove_3,
          cheibrodos_sewer_entry_bend, corexii_corridor_pit
D:6:      layout_rooms, lemuel_round_altar, serial_undead, serial_undead_e,
          serial_undead_d, serial_undead_f, serial_undead_b,
          minmay_statues_item, uniq_pikel
D:7:      layout_rooms, tgw_sif, temple_fountains
D:8:      layout_basic, serial_shops, nicolae_shop_rolled_up, serial_aquarium,
          aquarium_bridge_long_joined [aquarium_subvault_window,
          aquarium_subvault_bridge, aquarium_subvault_wall,
          aquarium_subvault_bridge, aquarium_subvault_bridge,
          aquarium_subvault_bridge], aquarium_window_corner,
          aquarium_window_corner, aquarium_view_2d, aquarium_balcony_3b,
          aquarium_pool_1
D:9:      layout_long_grid, david_orc_5
D:10:     layout_roguey, doesnt_xom_only_xom, trog_book, special_room
          [special_room_bee], hangedman_fish_farm, uniq_maurice, uniq_psyche,
          uniq_sonja, uniq_nergalle, uniq_grum
D:11:     layout_cave_pools, lair_entry_dummy
D:12:     layout_irregular_city, uniq_rupert
D:13:     layout_gridville, gauntlet_entry_generic, serial_shops, shop,
          uniq_frances
D:14:     layout_irregular_city, david_vaults_4, kennysheep_big_empty_room,
          nicolae_shop_self_help
D:15:     grunt_enter_depths_snipers, layout_cave_pools, serial_park_square2,
          corexii_checkpoint, st_stairs_14, hangedman_cracks_in_the_wall,
          uniq_louise
Lair:1:   layout_regular_city, minmay_holes, serial_bayou_crossing,
          infiniplex_staircase_pool, grunt_megastairs_4
Lair:2:   nzn_winding_woodlands_small [nzn_winding_woodlands_5x15_sawtooth,
          nzn_winding_woodlands_center_garden,
          nzn_winding_woodlands_5x15_twine], layout_hall_layers,
          chequers_serial_rivers_micro_b
Lair:3:   layout_roguey [special_room_mythical_zoo], shoals_dummy_entry,
          spider_nest_entry_a, beast_lair_carwin_3, grunt_megastairs_1,
          uniq_gastronok
Lair:4:   layout_layer_cave, slime_entry_1, fungi_pond_lemuel,
          cheibrodos_lair_caveside_slide, chequers_serial_rivers_micro_a
Lair:5:   hangedman_lair_in_review, layout_regular_city,
          guppyfry_lair_end_dragon
Shoals:1: layout_shoals, portal_ice_cave_entry_pillars_four, serial_shops, shop,
          nicolae_shop_tiny_real_fake_doors, nicolae_shop_statue_plus,
          nicolae_shop_peninsula, nicolae_shop_real_fake_doors,
          nicolae_shoals_wave_tunnel, uniq_mlioglotl, uniq_nikola
Shoals:2: layout_shoals, nicolae_shoals_former_cling_halls
Shoals:3: layout_shoals
Shoals:4: shoals_end_hellmonk_lost_city, uniq_polyphemus
Spider:1: layout_chambers
Spider:2: layout_spider_delve
Spider:3: layout_spider_delve
Spider:4: grunt_spider_rune_circles, beargit_elvish_explorers
Slime:1:  layout_caves, nicolae_slime_getting_an_eyeful
Slime:2:  layout_caves, uniq_dissolution
Slime:3:  layout_caves
Slime:4:  layout_caves
Slime:5:  slime_pit_nicolae_royal_road_to_ruin
Orc:1:    layout_diamond_mine, serial_shops, shop, lightli_orcish_oven
Orc:2:    pf_orc_diabolical, layout_caves, ebering_ghost_inner_flame,
          nicolae_orc_seminary
Elf:1:    eino_elf_arrival_sip, layout_gridlike,
          portal_desolation_entry_nicolae_forbidding_blocks,
          hangedman_elven_crosses_minicolossus, nicolae_elf_v_pinch,
          small_statue_intersection, minmay_fountain_box, grunt_ministairs_11,
          nicolae_shop_i_like_big_books, dreamdust_wishing_well, uniq_kirke
Elf:2:    nicolae_elf_blades_crystal_corner, layout_gridlike,
          gammafunk_ghost_arena, serial_shops, nicolae_shop_crystal,
          minmay_checkered_concentric_circles
Elf:3:    grunt_elf_hall_spiral, layout_loops_corners, uniq_boris
Vaults:1: ontoclasm_vaults_gateway, v_misc_3, nicolae_vaults_little_squares_5,
          hangedman_vaults_slice, v_rooms_2, nicolae_vaults_two_Ls, v_misc_25,
          grunt_vaults_funnel, nicolae_vaults_big_ls,
          vaults_room_stairs_pillars, v_misc_27, nicolae_vaults_diamond_2,
          layout_vaults_omnicross
Vaults:2: advil_vaults_ghost_guards, nicolae_vaults_theta,
          hangedman_vaults_impose, nicolae_vaults_circle_grid_b,
          ontoclasm_vaults_twist, vaults_dpeg_emergency_exit,
          nicolae_vaults_double_plus_1, v_pattern_2,
          nicolae_vaults_layer_cake_slice, minmay_crypt_entry_simple_corners,
          v_misc_12, ontoclasm_vaults_shuriken,
          nicolae_vaults_heart-shaped_vault, layout_vaults_quadrants,
          serial_shops, shop
Vaults:3: hangedman_vaults_locks, hangedman_vaults_maws, ontoclasm_vaults_spin,
          grunt_vaults_twisty, v_misc_10, vaults_mumra_hex,
          nicolae_vaults_theta, nicolae_vaults_house_2,
          nicolae_vaults_specimen_jars, nicolae_vaults_rhombus_7, v_misc_14,
          layout_vaults_maze_bifur, serial_shops, shop, uniq_margery,
          uniq_sojobo
Depths:1: layout_long_grid, pf_coc_iceberg, rand_demon_pan_entry_8,
          minmay_misc_feat_encased, minmay_misc_feat_five, okawaru_gym_becter
Depths:2: lightli_eight_chambers, layout_honeycomb, enter_ziggurat_f,
          old_standard_altar, hell_entry, rand_demon_pan_entry_7,
          nicolae_trove_entry_crystal, nicolae_zig_zag_zippers,
          minmay_staircase_statues
Depths:3: kb_forest_paths, layout_basic, pdpol_wu_jian_five_deadly_venoms,
          serial_shops, shop, hangedman_abyss_entry_splay, hell_entry,
          serial_bayou_shore_b, minmay_shop_grove
Depths:4: grunt_twist_and_shout, layout_basic, abyss_entry,
          pf_hell_entry_tar_spiral, corexii_leaking_fountain
Zot:1:    layout_concentric_octagons, zot_minivault_1
Zot:2:    layout_misc_corridors, uniq_josephina, uniq_tiamat

Skill      XL: |  1  2  3  4  5  6  7  8  9 10 11 12 13 14 15 16 17 18 19 20 21 22 23 24 25 |
---------------+----------------------------------------------------------------------------+-----
Fighting       | 3 4 5 7 10 11 12 15 17 20 | 20.0
Ranged Weapons | 4 5 6 8 10 11 14 15 16 17 20 | 20.0
Invocations    | 3 5 10 13 15 | 15.0
Dodging        | 5 10 12 15 17 18 | 18.0
Evocations     | 5 8 10 14 15 17 19 | 19.1
Armour         | 6 10 14 15 | 15.0
Stealth        | 12 15 | 15.0

Action                     |  1- 3 |  4- 6 |  7- 9 | 10-12 | 13-15 | 16-18 | 19-21 | 22-24 | 25-27 || total
---------------------------+-------+-------+-------+-------+-------+-------+-------+-------+-------++-------
   Fire: Shortbow          |   124 |     4 |       |       |       |       |       |       |       ||   128
         Arbalest          |       |   110 |   223 |   500 |   311 |       |       |       |       ||  1144
         Orcbow            |       |       |       |       |   465 |       |       |       |       ||   465
         Longbow           |       |       |       |       |   254 |  1308 |  1331 |  1605 |   275 ||  4773
  Throw: Dart              |       |       |       |       |     7 |       |       |       |       ||     7
         Throwing net      |       |       |       |       |       |     1 |       |       |       ||     1
 Invoke: Recall Ancestor   |       |       |     1 |     3 |     2 |     3 |     3 |     6 |       ||    18
         Ancestor Life: Kn |       |       |       |     1 |       |       |       |       |       ||     1
         Transference      |       |       |       |     1 |     2 |     3 |     3 |     6 |     1 ||    16
         Idealise          |       |       |       |       |     2 |     5 |     4 |     2 |     2 ||    15
  Evoke: Wand              |       |       |       |    14 |     8 |     4 |     8 |     4 |     8 ||    46
         Phial of floods   |       |       |       |       |     3 |     1 |     1 |     1 |     1 ||     7
         Box of beasts     |       |       |       |       |       |     2 |     1 |       |       ||     3
         Tin of tremorston |       |       |       |       |       |     1 |     2 |     3 |       ||     6
         Phantom mirror    |       |       |       |       |       |       |     1 |     1 |     1 ||     3
    Use: Potion            |     1 |       |     2 |       |     3 |     3 |     2 |     4 |     2 ||    17
         Scroll            |       |     6 |     6 |     7 |    14 |    18 |     9 |    19 |     3 ||    82
 Armour: Leather armour    |    57 |    47 |   134 |     3 |       |       |       |       |       ||   241
         Acid dragon scale |       |       |       |   102 |   273 |   348 |   189 |   248 |       ||  1160
         Ring mail         |       |       |       |       |       |       |       |   146 |    62 ||   208
  Dodge: Dodged            |    47 |    50 |   115 |   138 |   208 |   347 |   260 |   500 |    75 ||  1740
  Block: Other             |       |       |       |       |       |    18 |    39 |    87 |    10 ||   154
         Reflection        |       |       |       |       |       |     5 |     8 |     6 |       ||    19

Table legend: (Time is in decaauts)
 A = Elapsed time spent in this place.
 B = Non-inter-level travel time spent in this place.
 C = Inter-level travel time spent in this place.
 D = Time resting spent in this place.
 E = Time spent auto-exploring this place.
 F = Levels seen in this place.
 G = Mean time per level.
                   A        B        C        D        E       F      G
               +--------+--------+--------+--------+--------+-----+--------+
         Total |  53672 |  46590 |   7082 |   8569 |  26429 |  51 | 1052.4 |
       Dungeon |  15841 |  12812 |   3029 |   1384 |   8516 |  15 | 1056.1 |
          Lair |   6419 |   5429 |    990 |    492 |   3650 |   5 | 1283.8 |
        Shoals |   3672 |   3115 |    557 |    457 |   1798 |   4 |  918.0 |
   Spider Nest |   3965 |   3671 |    294 |    321 |   2474 |   4 |  991.2 |
    Slime Pits |   2384 |   2304 |     80 |    909 |    240 |   5 |  476.8 |
  Orcish Mines |   1542 |   1276 |    266 |    424 |    505 |   2 |  771.0 |
   Elven Halls |   3722 |   3439 |    283 |    228 |   2361 |   3 | 1240.7 |
        Vaults |   5218 |   4853 |    365 |   1158 |   2790 |   3 | 1739.3 |
        Depths |   7814 |   6693 |   1121 |   2294 |   3025 |   4 | 1953.5 |
           Zot |   1530 |   1439 |     91 |    479 |    527 |   2 |  765.0 |
         Trove |     47 |     47 |      0 |      0 |      0 |   1 |   47.0 |
      Ice Cave |    923 |    923 |      0 |    242 |    446 |   1 |  923.0 |
    Desolation |     38 |     38 |      0 |      0 |      6 |   1 |   38.0 |
      Gauntlet |    552 |    552 |      0 |    177 |     89 |   1 |  552.0 |
               +--------+--------+--------+--------+--------+-----+--------+

Top non-repeatable levels by time:
Depths:3: 3106 daAuts
Vaults:3: 2026 daAuts
Vaults:2: 1876 daAuts
Depths:2: 1869 daAuts
Depths:4: 1652 daAuts
  Lair:4: 1637 daAuts
 Slime:5: 1629 daAuts
     D:5: 1621 daAuts
Spider:1: 1538 daAuts
  Lair:3: 1514 daAuts
   Elf:3: 1492 daAuts
    D:15: 1460 daAuts
   Zot:1: 1453 daAuts
   Elf:1: 1434 daAuts
    D:10: 1363 daAuts
